 Dungeon Crawl Stone Soup version 0.31.0-11-ge490571c62 (webtiles) character file.

Game seed: 3534047971415364195

36 qw the Shooter (level 3, -1/20 HPs)
             Began as a Deep Elf Hunter on Feb 3, 2024.
             Slain by a goblin
             ... wielding a +0 dagger
             ... led by Robin
              (3 damage)
             ... on level 2 of the Dungeon.
             The game lasted 00:00:03 (1011 turns).

qw the Shooter (Deep Elf Hunter)                    Turns: 1011, Time: 00:00:03

Health: -1/20      AC:  3    Str: 14    XL:     3   Next: 19%
Magic:  5/5        EV: 12    Int: 13    God:
Gold:   36         SH:  0    Dex: 20    Spells: 2/2 levels left

rFire   . . .        a - +0 shortbow
rCold   . . .        (shield currently unavailable)
rNeg    . . .        c - +0 leather armour
rPois   +            (no helmet)
rElec   .            (no cloak)
rCorr   .            (no gloves)
SInv    .            (no boots)
Will    .....        (no amulet)
Stlth   ++           g - +6 ring of strength
HPRegen 0.23/turn    l - ring of poison resistance
MPRegen 0.09/turn

%: no passive effects
@: no status effects
A: no striking features
a: no special abilities


You were on level 2 of the Dungeon.
You visited 1 branch of the dungeon, and saw 2 of its levels.

You collected 36 gold pieces.


   Skills:
 - Level 1.5 Fighting
 + Level 6.8 Ranged Weapons
 - Level 2.4 Dodging
 - Level 1.2 Stealth


You had 2 spell levels left.
You didn't know any spells.
Your spell library was empty.

Inventory:

Hand Weapons
 a - a +0 shortbow (weapon)
Armour
 c - a +0 leather armour (worn)
Jewellery
 g - a +6 ring of strength (left hand)
 l - a ring of poison resistance (right hand)
Potions
 d - a potion of curing
 i - a potion of mutation {unknown}

Dungeon Overview and Level Annotations

Branches:
Dungeon (2/15)

Altars:

Annotations:
D:2 Robin


Message History

You hear a shout! x3 4 goblins and a hobgoblin come into view.
The goblin shouts!
Robin of the Strong Arm comes into view.
They are wielding a +7 club.
The goblin unwields a +0 club.
The goblin wields a +0 sling.
The goblin shoots a sling bullet.
The sling bullet hits you but does no damage.
A goblin comes into view. It is wielding a +0 dagger.
You shoot an arrow. The arrow barely misses the hobgoblin.
Robin throws the goblin at you!
The goblin shoots a sling bullet.
The sling bullet misses you.
The goblin shouts!
You shoot an arrow. The arrow closely misses the goblin.
You hear a shout!
A goblin comes into view. It is wielding a +0 club.
The goblin hits you but does no damage.
A hobgoblin comes into view.
You shoot an arrow. The arrow hits the goblin.
You kill the goblin!
The hobgoblin closely misses you. Robin throws the goblin at you!
You shoot an arrow. The arrow barely misses the goblin.
The goblin hits you with a +0 club. The hobgoblin hits you.
Robin roars a battlecry!
The goblins go into a battle-frenzy!
The goblin hits you but does no damage. The hobgoblin hits you.
You shoot an arrow. The arrow hits the goblin.
The goblin is heavily wounded.
The goblin hits you but does no damage. The hobgoblin hits you.
A goblin comes into view. It is wielding a +2 dagger of draining.
You shoot an arrow. The arrow hits the goblin.
You kill the goblin!
The goblin shoots a sling bullet.
The sling bullet hits you. The hobgoblin closely misses you.
A goblin comes into view. It is wielding a +0 club.
You shoot an arrow. The arrow hits the goblin.
The goblin is moderately wounded.
The hobgoblin hits you.
A goblin comes into view. It is wielding a +0 club.
The goblin hits you with a +0 dagger.
You die...

####.g ...g. ...g
####... #.....g ......g
..##.gg#################
.....gg@................
...##.##################
.. ..# .. .


You could see 2 hobgoblins and 7 goblins.

Vanquished Creatures
  3 bats (D:1)
  An endoplasm (D:1)
  2 giant cockroaches (D:1)
  4 goblins
  2 hobgoblins (D:1)
  4 jackals (D:2)
  3 quokkas (D:1)
  4 ball pythons
  2 frilled lizards (D:1)
  3 kobolds (D:1)
  5 rats
33 creatures vanquished.

Notes
Turn   | Place    | Note
-------+----------+-------------------------------------------
     0 | D:1      | qw the Deep Elf Hunter began the quest for the Orb.
     0 | D:1      | Reached XP level 1. HP: 12/12 MP: 3/3
     0 | D:1      | 0 ||| qw: Version: 0.3-a-158-g18b3111
     0 | D:1      | 0 ||| qw: Game counter: 4273
     0 | D:1      | 0 ||| qw: Melee chars always use a shield: true
     0 | D:1      | 0 ||| qw: God list: Okawaru
     0 | D:1      | 0 ||| qw: Allow faded altars: false
     0 | D:1      | 0 ||| qw: Do Orc after clearing Dungeon:15 true
     0 | D:1      | 0 ||| qw: Do second Lair branch before Depths: true
     0 | D:1      | 0 ||| qw: Lair rune preference: random
     0 | D:1      | 0 ||| qw: Goals: Normal
     0 | D:1      | 0 ||| PLANNING D:1-11
    10 | D:1      | Found a faded altar of an unknown god.
   198 | D:1      | Reached skill level 6 in Ranged Weapons
   198 | D:1      | Reached XP level 2. HP: 15/16 MP: 4/4
   879 | D:1      | 879 ||| UPGRADING to +6 ring of strength.
   880 | D:1      | 880 ||| UPGRADING to ring of poison resistance.
   881 | D:1      | 881 ||| READING scroll labelled YRE HILYGYBB.
   882 | D:1      | 882 ||| READING scroll labelled TOSOZX LEDE.
   882 | D:1      | 882 ||| IDENTIFYING ruby potion
   883 | D:1      | 883 ||| READING scroll labelled FOFIXEWNUO.
   883 | D:1      | 883 ||| ENCHANTING +0 shortbow.
   884 | D:1      | 884 ||| READING scroll labelled UCKOTARPHITIS.
   887 | D:1      | 887 ||| DRINKING 2 white potions.
   888 | D:1      | 888 ||| DROPPING scroll of butterflies.
   889 | D:1      | 889 ||| DROPPING potion of invisibility.
   946 | D:2      | Reached XP level 3. HP: 20/20 MP: 5/5
  1004 | D:2      | Noticed Robin
  1010 | D:2      | HP: 5/20 [goblin/sling bullet[Robin] (5)]
  1011 | D:2      | HP: 2/20 [hobgoblin[Robin] (3)]
  1011 | D:2      | Slain by a goblin

Levels and vault maps discovered:
D:1:      lemuel_arrival_rhombus, layout_basic, serial_curves, eino_curves_02,
          eino_curves_02, shapermc_ecumenical_altar_starsandcircs,
          minmay_misc_feat_iff
D:2:      layout_basic, basic_altar, uniq_robin

Skill      XL: |  1 |
---------------+----+-----
Ranged Weapons | 6 |  6.8
Fighting       | |  1.5
Dodging        | |  2.4
Stealth        | |  1.2

Action                     || total
---------------------------++-------
   Fire: Shortbow          ||    71
    Use: Scroll            ||     4
         Potion            ||     1
 Armour: Leather armour    ||    17
  Dodge: Dodged            ||    13

Table legend:
 A = Non-vault XP
 B = Vault XP
 C = Vault XP percentage of total XP
 D = Non-vault monster count
 E = Vault monster count
 F = Vault count percentage of total count
                 A         B        C        D         E       F
            +---------+---------+-------+---------+---------+-------
      Total |      49 |       3 |   5.8 |      31 |       2 |   6.1
            +---------+---------+-------+---------+---------+-------
        D:1 |      38 |       0 |   0.0 |      25 |       0 |   0.0
        D:2 |      11 |       3 |  21.4 |       6 |       2 |  25.0
            +---------+---------+-------+---------+---------+-------
